 Dungeon Crawl Stone Soup version 0.23.2-1-ga50397a (webtiles) character file.

Game seed: 15676368176348946670

378 myga the Bolt Thrower (level 7, 0/40 HPs)
             Began as a Kobold Arcane Marksman on May 19, 2019.
             Slain by a phantom (7 damage)
             ... in the Ecumenical Temple.
             The game lasted 00:16:41 (3381 turns).

myga the Bolt Thrower (Kobold Arcane Marksman)      Turns: 3381, Time: 00:16:42

Health: 0/40       AC:  4    Str: 10    XL:     7   Next: 4%
Magic:  4/10       EV: 15    Int: 14    God:
Gold:   147        SH:  0    Dex: 15    Spells: 2/10 levels left

rFire    . . .     SeeInvis .   u - +2 dagger (vamp)
rCold    . . .     Gourm    .   (shield restricted)
rNeg     + . .     Faith    .   e - +0 robe
rPois    .         Spirit   .   p - +0 helmet
rElec    .         Reflect  .   (no cloak)
rCorr    .         Harm     .   (no gloves)
MR       .....                  j - +0 pair of boots
Stlth    +.........             m - amulet of rage
HPRegen  0.13/turn              s - ring of positive energy
MPRegen  0.12/turn              (no ring)

@: hasted, very quick
A: small, carnivore
a: Evoke Berserk Rage


You were in the Ecumenical Temple.
You were very full.

You visited 2 branches of the dungeon, and saw 5 of its levels.

You collected 147 gold pieces.

Inventory:

Hand Weapons
 a - a +0 hand crossbow
 u - a +2 vampiric dagger (weapon)
 x - a +0 rapier
Missiles
 d - 11 bolts
 g - 43 arrows
 n - 73 stones (quivered)
Armour
 e - a +0 robe (worn)
 j - a +0 pair of boots (worn)
 p - a +0 helmet (worn)
Jewellery
 m - an amulet of rage (around neck)
 s - a ring of positive energy (left hand)
Scrolls
 c - 4 scrolls of fog
 i - a scroll of immolation
 k - a scroll of remove curse
 l - a scroll of fear {unknown}
 q - a scroll of amnesia {unknown}
 t - a scroll of random uselessness {unknown}
Potions
 b - a potion of flight
 o - a potion of heal wounds
 r - a potion of cancellation
 v - a potion of degeneration {unknown}
 w - a potion of berserk rage {unknown}
 z - 2 potions of mutation {unknown}
Comestibles
 f - 6 rations


   Skills:
 + Level 2.5 Fighting
 + Level 6.5 Crossbows
 + Level 2.5 Dodging
 + Level 0.2 Stealth
 + Level 2.4 Spellcasting
 + Level 4.0 Hexes


You had 2 spell levels left.
You knew the following spells:

 Your Spells              Type           Power        Failure   Level  Hunger
a - Corona                Hex            ##.....      4%          1    #......
b - Slow                  Hex            ##......     6%          2    ###....
c - Inner Flame           Hex/Fire       #.......     30%         3    ###....
d - Sticks to Snakes      Tmut           #.......     34%         2    ###....

Your spell library contained the following spells:

 Spells                   Type           Power        Failure   Level  Hunger
 Beastly Appendage        Tmut           #.....       22%         1    #......
 Portal Projectile        Hex/Tloc       #.....       30%         3    ###....
 Cause Fear               Hex            ##........   38%         4    #####..
 Spider Form              Tmut/Pois      #.........   56%         3    ###....
 Leda's Liquefaction      Hex/Erth       #.........   69%         4    #####..
 Ice Form                 Ice/Tmut       #.......     92%         4    #####..
 Blade Hands              Tmut           #.........   99%         5    ######.


Dungeon Overview and Level Annotations

Branches:
Dungeon (4/15)             Temple (1/1) D:4

Altars:
Xom

Shops:
D:4 *

Annotations:
D:4 1 runed translucent door


Innate Abilities, Weirdness & Mutations

You are small and have problems with some larger weapons.
You are carnivorous and can eat meat at any time.


Message History

An orc comes into view.
The phantom blinks!
You see here a stone.
The orc shouts!
You hear a shout! x3
There is a staircase to the Ecumenical Temple here.
The phantom barely misses you.
You climb downwards.
Welcome to the Ecumenical Temple!
Found a shimmering altar of Xom.
There is a staircase back to the Dungeon here.
Casting: Slow (safe; 6% risk of failure)
Confirm with . or Enter, or press ? or * to list all spells.
Okay, then.
Unknown command.
You feel yourself speed up.
The phantom blinks!
The phantom blinks!
The phantom closely misses you.
You hit the phantom.
The phantom is moderately damaged.
The phantom hits you!
You die...

## ...##
.....#######
._........W#
.........@.#
.......<...#
≈≈≈≈.......#
≈≈≈≈.......#
############


You could see a phantom.

Vanquished Creatures
  A hound (D:4)
  4 orc wizards (D:4)
  3 orc priests
  3 gnolls (D:3)
  3 adders
  An ooze (D:1)
  3 worms
  A leopard gecko (D:1)
  10 orcs
  3 ball pythons
  4 bats
  4 giant cockroaches
  3 goblins
  5 hobgoblins
  6 jackals
  A quokka (D:2)
  4 frilled lizards
  6 kobolds
  7 rats
72 creatures vanquished.

Notes
Turn   | Place    | Note
-------+----------+-------------------------------------------
     0 | D:1      | myga the Kobold Arcane Marksman began the quest for the
                  | Orb.
     0 | D:1      | Reached XP level 1. HP: 12/12 MP: 2/2
    20 | D:1      | Reached XP level 2. HP: 16/16 MP: 0/3
    31 | D:1      | Learned a level 2 spell: Slow
   305 | D:1      | Reached XP level 3. HP: 20/20 MP: 1/5
   700 | D:2      | Reached skill level 3 in Crossbows
  1004 | D:2      | Reached XP level 4. HP: 25/25 MP: 6/6
  1037 | D:2      | Learned a level 3 spell: Inner Flame
  1632 | D:3      | Reached skill level 4 in Crossbows
  1719 | D:3      | Reached XP level 5. HP: 15/29 MP: 7/7
  1999 | D:3      | Reached skill level 5 in Crossbows
  2238 | D:3      | Found a faded altar of an unknown god.
  2697 | D:4      | Reached XP level 6. HP: 12/34 MP: 8/8
  2907 | D:4      | Learned a level 2 spell: Sticks to Snakes
  2914 | D:4      | Reached skill level 6 in Crossbows
  2923 | D:4      | Found a runed translucent gate.
  3070 | D:4      | Found Odocwaud's General Store.
  3102 | D:4      | Reached XP level 7. HP: 22/40 MP: 4/10
  3302 | D:4      | Found a staircase to the Ecumenical Temple.
  3374 | Temple   | Entered the Ecumenical Temple
  3381 | Temple   | Slain by a phantom

Skill      XL: |  1  2  3  4  5  6 |
---------------+-------------------+-----
Crossbows      | 3 4 5 6 |  6.5
Hexes          | 4 |  4.0
Spellcasting   | 2 |  2.4
Fighting       | 2 |  2.5
Dodging        | |  2.5
Stealth        | |  0.2

Action                   |  1- 3 |  4- 6 |  7- 9 || total
-------------------------+-------+-------+-------++-------
Melee: Dagger            |       |       |    40 ||    40
 Fire: Hand crossbow     |    90 |   106 |       ||   196
Throw: Stone             |       |       |    25 ||    25
 Cast: Corona            |    16 |     9 |       ||    25
       Inner Flame       |       |     2 |       ||     2
       Slow              |       |       |     5 ||     5
  Use: Scroll            |     2 |     5 |       ||     7
       Potion            |       |       |     1 ||     1
  Eat: Chunk             |     9 |     7 |     5 ||    21
Armor: Robe              |     5 |     7 |     3 ||    15
Dodge: Dodged            |    34 |    49 |    23 ||   106
